AoeStats
← rfx

Black Forest

510379817Analyzed
2v2 RM · 6h ago on Sep 30, 2026· 59m 10s· 4 players
Game mode
Random Map
Map size
Medium (4 player)
Population
200
Speed
Normal
Resources
Standard
Victory
Conquest
Starting age
Dark Age
Ending age
Imperial Age
RankedLock teamsTeams togetherTeam positionsShared explorationLock speedFull tech treeHidden civsTurbo modeCheats
Victory
Defeat
🇮🇹 Vietnamese · Italy
716
+15
🇮🇹 Lithuanians · Italy
705
+16
🇷🇴 Ethiopians · Romania
709
-16
🇷🇴 Vikings · Romania
690
-15
Serget Alupigus
13:00 Feudal Age
13:26 Double-Bit Axe
13:28 Horse Collar
18:11 Stone Mining
22:05 Castle Age
20:19 Gold Mining
23:18 Bow Saw
23:10 Heavy Plow
24:05 Gold Shaft Mining
26:44 Pikeman
28:27 Caravan
32:15 Chieftains
33:30 Elite Skirmisher
38:31 Imperial Age
39:48 Crop Rotation
40:29 Two-Man Saw
39:14 Capped Ram
39:33 Elite Berserk
40:38 Conscription
40:57 Forging
40:48 Scale Mail Armor
42:34 Siege Ram
47:37 Bogsveigar
53:55 Onager
rfx
5:24 Loom
11:20 Feudal Age
12:08 Double-Bit Axe
12:06 Horse Collar
18:27 Gold Mining
19:49 Wheelbarrow
22:31 Castle Age
21:57 Fletching
23:25 Forging
23:16 Scale Mail Armor
23:17 Padded Archer Armor
23:23 Scale Barding Armor
23:40 Stone Mining
23:43 Town Watch
24:24 Heavy Plow
24:35 Bow Saw
23:52 Crossbowman
24:36 Squires
24:21 Arson
26:51 Stone Shaft Mining
26:52 Gold Shaft Mining
25:41 Elite Skirmisher
28:39 Thumb Ring
30:01 Husbandry
29:22 Light Cavalry
30:46 Hand Cart
30:39 Caravan
34:58 Town Patrol
39:55 Imperial Age
39:13 Ballistics
39:06 Careening
38:55 Murder Holes
39:30 Royal Heirs
41:02 Bodkin Arrow
41:22 Leather Archer Armor
41:43 Iron Casting
41:23 Chain Mail Armor
41:28 Chain Barding Armor
42:48 Conscription
43:56 Cavalier
43:56 Heavy Camel Rider
46:23 Arbalester
53:04 Onager
53:48 Torsion Engines
55:17 Hussar
56:45 Coinage
Aizen
12:25 Feudal Age
13:22 Double-Bit Axe
13:20 Horse Collar
15:04 Gold Mining
15:07 Stone Mining
21:59 Castle Age
22:03 Scale Barding Armor
22:03 Scale Mail Armor
22:15 Forging
21:56 Fletching
22:06 Padded Archer Armor
23:32 Wheelbarrow
24:08 Stone Shaft Mining
24:21 Chain Mail Armor
25:26 Bow Saw
26:32 Heavy Plow
26:26 Elite Skirmisher
28:26 Hand Cart
36:40 Imperial Age
34:52 Bodkin Arrow
35:13 Leather Archer Armor
37:46 Chain Barding Armor
38:02 Iron Casting
38:25 Tower Shields
40:43 Two-Man Saw
40:26 Plate Barding Armor
40:22 Ring Archer Armor
40:39 Crop Rotation
40:55 Elite Leitis
41:11 Imperial Skirmisher
53:20 Ballistics
54:01 Chemistry
56:41 Heavy Cavalry Archer
mark_jack
1:05 Loom
12:31 Feudal Age
13:00 Double-Bit Axe
12:58 Horse Collar
14:03 Wheelbarrow
22:53 Castle Age
21:04 Man-at-Arms
21:39 Gold Mining
21:39 Stone Mining
23:43 Heavy Plow
24:03 Bow Saw
25:08 Hand Cart
30:02 Forging
29:43 Fletching
29:57 Elite Skirmisher
29:59 Pikeman
30:39 Squires
31:49 Bodkin Arrow
32:30 Iron Casting
31:56 Padded Archer Armor
31:44 Treadmill Crane
32:26 Ballistics
32:24 Town Watch
34:19 Scale Mail Armor
34:36 Masonry
34:16 Long Swordsman
37:02 Leather Archer Armor
37:03 Chain Mail Armor
42:59 Imperial Age
43:43 Bracer
44:13 Ring Archer Armor
43:10 Imperial Skirmisher
45:00 Plate Mail Armor
45:33 Chemistry
44:39 Siege Engineers
45:13 Paper Money
49:32 Halberdier
51:41 Elite Rattan Archer
57:36 Onager
Connection lost

Rejoining the realm…

Still unreachable

The connection could not be restored.

Session expired

The server has moved on; the page needs a fresh start.